[Event "Championnat d'Europe de Blitz"]
[Date "2024.12.09"]
[White "Smeets, Jan"]
[Black "Hamitevici, Vladimir"]
[WhiteElo "2552"]
[BlackElo "2423"]
[Round "8.19"]
[Result "0-1"]
[TimeControl "180+2"]

1. e4 c5 2. Nf3 d6 3. Bb5+ Nd7 4. a4 Ngf6 5. Nc3 a6 6. Be2 b6 7. d4 cxd4 8. Qxd4 e5 9. Qc4 Be7 10. Be3 Bb7 11. Nd2 O-O 12. O-O Rc8 13. Qb3 Nc5 14. Bxc5 Rxc5 15. Bc4 Qc7 16. Rfe1 Nh5 17. Rad1 Nf4 18. Ne2 b5 19. axb5 axb5 20. Bxb5 Rb8 21. c4 Nxe2+ 22.
Rxe2 Bc6 23.
Qf3 Bxb5 24.
cxb5 Rcxb5 25. Nf1 Rxb2 26. Rxb2 Rxb2 27. Ne3 Bg5 28.
Nd5 Qc2 29. g3 g6 30. h4 Bd8 31. Kg2 Qe2 32. Qxe2 Rxe2 33. Ra1 Kg7 34. Kf3 Rb2 35. Ra6 Rb3+ 36. Kg2 Kf8 37. Rxd6 Be7 38. Ra6 Bc5 39. Ra2 Bd4 40. Rc2 Kg7 41. Kf1 h6 42. Ke2 Rb7 43. g4 Rb3 44. f3 Rb1 45. g5 Rh1 46. gxh6+ Kxh6 47. Rc7 Kg7 48. h5 Rxh5 49. Nb4 Rh2+ 50. Ke1 Rf2 51. Nc2 Rxf3 52. Ke2 Rf2+ 53. Kd3 Rf3+ 54. Ke2 Rc3 55.
Rxc3 Bxc3 56. Kf3 Kf6 57. Ne3 Bd4 58. Nc4 Kg5 59. Kg3 f5 60. Nd6 Bc5 61. Nc4 fxe4 62. Nd2 Kf5 63. Nc4 e3 64. Kf3 e4+ 65. Ke2 g5 0-1

[Site "Europe Echecs"]

[Event "Championnat d'Europe de Blitz"]
[Date "2024.12.09"]
[White "Krallis, Christos"]
[Black "Livaic, Leon"]
[WhiteElo "2383"]
[BlackElo "2560"]
[Round "8.20"]
[Result "0-1"]
[TimeControl "180+2"]

1. e4 d6 2.
d4 Nf6 3.
Nc3 e5 4.
Nf3 Nbd7 5.
Bc4 Be7 6.
O-O O-O 7.
a3 c6 8. Ba2 b5 9. Re1 a5 10. d5 Bb7 11. dxc6 Bxc6 12. Bg5 Qc7 13. Nh4 g6 14. Qd2 b4 15. Nd5 Bxd5 16.
exd5 Rfc8 17. axb4 axb4 18. Qxb4 Rab8 19. Qa3 Ra8 20. Qb3 Qxc2 21. Qxc2 Rxc2 22. Reb1 Nc5 23. b4 Nce4 24. Bb3 Rxa1 25. Rxa1 Rb2 26. Bxf6 Bxf6 27. Bd1 Bxh4 28. g3 Bf6 29. Bf3 Rxb4 30. Ra6 Kg7 31. h4 h5 32. Kg2 Nd2 33. Be2 Ne4 34. Bf3 Rd4 35. Rc6 Nd2 36. Rxd6 Nxf3 37. Kxf3 Be7 38. Rd7 Kf8 39. Ke3 Ke8 40. Rb7 Rxd5 41. Ke4 Rc5 42. Ra7 f5+ [Site "Europe Echecs"]

[Event "Championnat d'Europe de Blitz"]
[Date "2024.12.09"]
[White "Gatineau, Yovann"]
[Black "Saric, Ante"]
[WhiteElo "2363"]
[BlackElo "2482"]
[Round "8.21"]
[Result "0-1"]
[TimeControl "180+2"]

1. d4 Nf6 2. c4 e6 3. Nf3 d5 4. Nc3 Be7 5. Bf4 O-O 6. e3 b6 7. Bd3 dxc4 8. Bxc4 Bb7 9. O-O Nbd7 10. Qe2 Ne4 11. Nxe4 Bxe4 12. Rfd1 Bd6 13. Bxd6 cxd6 14. Rac1 Rc8 15. Ba6 Rxc1 16. Rxc1 Nb8 17. Bd3 Bxf3 18. Qxf3 Qd7 19. Qe4 g6 20. d5 Rc8 21. Rxc8+ Qxc8 22. dxe6 fxe6 23. h4 d5 24. Qe5 Nc6 25. Qd6 Nd8 26. Bb5 Nf7 27. Qe7 Qc1+ 28.
Kh2 Qxb2 29.
Be8 Qxf2 30.
Qxe6 Kf8 31.
Bc6 Qxh4+ 32. Kg1 Qe1+ 33. Kh2 Qh4+ 34. Kg1 Qe7 35. Qc8+ Kg7 36. Bxd5 Qxe3+ 37. Kh1 Qe1+ 38. Kh2 Qe5+ 0-1

[Site "Europe Echecs"]

[Event "Championnat d'Europe de Blitz"]
[Date "2024.12.09"]
[White "Subelj, Jan"]
[Black "Popovic, Milos T"]
[WhiteElo "2526"]
[BlackElo "2334"]
[Round "8.22"]
[Result "1-0"]
[TimeControl "180+2"]

1. Nf3 Nf6 2. c4 e6 3. g3 b6 4. Bg2 Bb7 5. O-O c5 6. d4 cxd4 7. Qxd4 Nc6 8. Qc3 Bb4 9. Qb3 O-O 10. Rd1 Rc8 11. Bg5 Be7 12. Qe3 d5 13. Nc3 Nb4 14. cxd5 Nfxd5 15. Nxd5 Nxd5 16. Qd2 Bxg5 17. Nxg5 h6 18. Ne4 Qe7 19. Rac1 Rxc1 20. Rxc1 Rd8 21. Qe1 Qb4 22. Qxb4 Nxb4 23. a3 Nc6 24. e3 Ne5 25. Nf6+ gxf6 26. Bxb7 Rd2 27. b4 Ng4 28. Rf1 Ra2 29. h3 Ne5 30. Rd1 Rxa3 31.
b5 Rb3 32.
Rd8+ Kg7 33. Ba6 Rb2 34. g4 Rc2 35. Kg2 Rc7 36. Kg3 Nd7 37. f4 Nc5 38. Bc8 Ne4+ 39. Kf3 Nc3 40. Bd7 Nd5 41. Bc6 Nc3 42. Rd6 Kf8 43. Rd8+ Ke7 44. Rh8 a5 45. bxa6 Ra7 46. Bb7 Nb5 47. h4 Nd6 48. Rb8 b5 49. h5 b4 50. g5 fxg5 51. fxg5 Nf5 52. e4 Nh4+ 53. Kg4 hxg5 54. Kxg5 Nf3+ 55. Kf4 Nh4 56. Kg4 Ng2 57. h6 Ne3+ 58. Kf4 1-0

[Site "Europe Echecs"]

[Event "Championnat d'Europe de Blitz"]
[Date "2024.12.09"]
[White "Kilic, Eray"]
[Black "Laurusas, Tomas"]
[WhiteElo "2459"]
[BlackElo "2578"]
[Round "8.23"]
[Result "1-0"]
[TimeControl "180+2"]

1. e4 c5 2. Nf3 e6 3. c3 d5 4. e5 d4 5. d3 Nc6 6. g3 Nge7 7. Bg2 dxc3 8. bxc3 b6 9. O-O Bb7 10. Na3 Nf5 11. Nc4 h5 12. h4 Be7 13. Ng5 g6 14. Ne4 b5 15. Ncd6+ Nxd6 16. exd6 Bxd6 17. Bg5 Qc7 18. Bf6 O-O 19. Qd2 Kh7 20. Ng5+ Kg8 21. Ne4 Kh7 22. Qg5 Ne7 23. Nxd6 Bxg2 24. Kxg2 Qxd6 25. Bxe7 Qc6+ 26. Kg1 Rfe8 27. Bf6 e5 28. Bxe5 Re6 29. Bf4 Rae8 30. d4 cxd4 31. cxd4 Qf3 32. Rac1 Kg8 33. Be5 Kh7 34. Rc7 Rf8 35. Qf4 1-0

[Site "Europe Echecs"]

[Event "Championnat d'Europe de Blitz"]
[Date "2024.12.09"]
[White "Perunovic, Miodrag"]
[Black "Kuzubov, Yuriy"]
[WhiteElo "2357"]
[BlackElo "2595"]
[Round "8.24"]
[Result "0-1"]
[TimeControl "180+2"]

1. e4 e6 2.
d4 d5 3. Nc3 Bb4 4. e5 b6 5. a3 Bxc3+ 6. bxc3 Ne7 7. Qg4 Ng6 8. h4 h5 9. Qg3 Ba6 10. Bxa6 Nxa6 11. Bg5 Qd7 12. Ne2 Nb8 13. f4 Nc6 14. O-O Nce7 15.
Bxe7 Nxe7 16. Qxg7 O-O-O 17. Qg3 Nf5 18. Qf2 Rhg8 19. Kh2 Rg4 20. g3 Rdg8 21. Rg1 Qa4 22. Ra2 Kb7 23. Kh3 a5 24. Kh2 Qb5 25. Kh3 Nxh4 26. gxh4 Rxg1 27. Nxg1 Qb1 28. Nf3 Qxa2 29. f5 Qxa3 30. Qe3 Qb2 31. Qd3 a4 32. c4 Qc1 0-1

[Site "Europe Echecs"]

[Event "Championnat d'Europe de Blitz"]
[Date "2024.12.09"]
[White "Aizenberg, Benny"]
[Black "Pancevski, Filip"]
[WhiteElo "2425"]
[BlackElo "2420"]
[Round "8.25"]
[Result "0-1"]
[TimeControl "180+2"]

1. e4 d6 2. d4 Nf6 3. Nc3 e5 4. Nf3 Nbd7 5.
Bc4 Be7 6. O-O O-O 7. a4 c6 8. Re1 exd4 9. Nxd4 Ne5 10. Be2 Re8 11. Be3 Bf8 12. h3 h6 13. a5 Bd7 14. Qd2 b5 15. axb6 axb6 16. Nf3 Rxa1 17. Rxa1 Ng6 18. Bd3 b5 19. b4 Qb8 20. Nd4 Ne5 21. Be2 Nc4 22. Bxc4 bxc4 23. Ra6 Qb7 24. Ra1 Qxb4 25. Nde2 Qb7 26. Ng3 Ra8 27. Rb1 Qc7 28. Bd4 Nh7 29. Nh5 Qa5 30. Ng3 Ng5 31. Be3 Nh7 32. Kh2 Qc7 33. Qd4 Be6 34. Qd2 Nf6 35. Bd4 Nd7 36.
Kg1 Ne5 37.
f4 c5 38.
Be3 Nc6 39. f5 Bd7 40. Nd5 Qa5 41. Qf2 Ne5 42. Nh5 Qd8 43. Bxh6 gxh6 44. Ndf6+ Kh8 45. Qg3 Ng6 46. fxg6 Bg7 47. Qxd6 Be6 48. Qxd8+ Rxd8 49. gxf7 Bxf7 50. Rb7 Bxh5 51. Nxh5 Rd1+ 52. Kf2 Bd4+ 53. Ke2 Rc1 54. Kd2 Rg1 55. Nf4 Rf1 56.
Rf7 Rf2+ 57.
Kd1 Kg8 58. Rf5 c3 59. g4 Rf1+ 60.
Ke2 Rf2+ 61.
Kd3 Rd2+ 62.
Kc4 Rxc2 63. Nd3 Rd2 64. Rf1 c2 65. Rc1 Be3 66. Ne1 Rd1 67. Rxc2 Rxe1 68. Kd5 Bd4 69. Ra2 Kg7 70. Ra6 Rh1 71. e5 Rxh3 72. e6 Re3 73. Kd6 Re4 74. Kd7 Bf6 75. Rc6 Re5 76. Rc7 Kg6 77. Rc8 Kg5 78. Rg8+ Kf4 79. Rf8 Kg5 80. Rg8+ Kh4 81. Rf8 Bg5 82.
Rf5 Re4 83. Rxc5 Kxg4 84. Rc2 Kg3 85. Rc3+ Kf4 86. Rh3 Kg4 87. Rh1 Kf5 88. Rf1+ Kg6 89. Rf8 h5 90. Rg8+ Kf5 91.
Rf8+ Kg4 92. Rf1 h4 93. Rg1+ Kh5 94. Rh1 Re3 95. Kd6 h3 96. Kd7 Kh4 97. Kd6 Re2 98. Ra1 Bf4+ 99. Kd7 Bg5 100. Ra4+ Kh5 101. Ra8 h2 102. Kd6 h1=Q 103. Rh8+ Bh6 0-1

[Site "Europe Echecs"]

[Event "Championnat d'Europe de Blitz"]
[Date "2024.12.09"]
[White "Zajic, Milan"]
[Black "Muter, Donny"]
[WhiteElo "2392"]
[BlackElo "2206"]
[Round "8.26"]
[Result "1-0"]
[TimeControl "180+2"]

1. e4 d6 2. d4 Nf6 3. Nc3 c6 4. f4 d5 5. e5 Ne4 6. Bd3 Nxc3 7. bxc3 c5 8. Nf3 c4 9.
Be2 Bf5 10. a4 e6 11. O-O Be7 12. Ba3 Nc6 13. Nd2 Bg6 14. g4 Bxa3 15. Rxa3 f5 16. Kh1 Qe7 17. Ra2 Qf7 18. Nf3 fxg4 19. Ng5 Qe7 20. Bxg4 Bf5 21. Bxf5 exf5 22. a5 O-O-O 23. Qh5 Kc7 24. Qf7 Rde8 25. Qxd5 h6 26. Nf7 Rhf8 27. Nd6 Rd8 28. a6 b6 29. Nb5+ 1-0

[Site "Europe Echecs"]

[Event "Championnat d'Europe de Blitz"]
[Date "2024.12.09"]
[White "Costachi, Mihnea"]
[Black "Radeva, Viktoria"]
[WhiteElo "2464"]
[BlackElo "2275"]
[Round "8.27"]
[Result "1/2-1/2"]
[TimeControl "180+2"]

1. Nc3 e6 2. d4 d5 3. Bf4 Bb4 4. e3 Nf6 5. Bd3 O-O 6. Nge2 c5 7. dxc5 Bxc5 8. O-O Nc6 9. Bg5 Be7 10. Ng3 h6 11. Bxf6 Bxf6 12. Rb1 b6 13. e4 d4 14. Nce2 e5 15. f4 exf4 16. Nxf4 Ne5 17. h3 Bg5 18. Qe2 Re8 19. Kh1 Bd7 20. Nf5 Bxf5 21.
exf5 Qd6 22.
Qf2 Rad8 23.
Rbe1 Re7 24. Re4 Nxd3 25. cxd3 Rxe4 26.
dxe4 Bxf4 27. Qxf4 Qxf4 28. Rxf4 d3 29. Rf1 d2 30. Rd1 Rd4 31. Kg1 Kf8 32. Kf2 Rxe4 33. Rxd2 Rf4+ 34. Ke3 Rxf5 35. Rd7 Ra5 36. a3 Ke8 37. Rb7 Ra4 38. g4 g6 39. Kf3 Kf8 40.
h4 Kg7 41. g5 hxg5 42. hxg5 Ra5 43. Kg4 Ra4+ 44. Kf3 Ra5 45. Kf4 Rb5 46. b4 a5 47. bxa5 Rxa5 48. Rxb6 Rxa3 49.
Rb8 Ra5 50.
Rc8 Rf5+ 51.
Kg4 Ra5 52.
Kf4 Rf5+ 53. Kg4 1/2-1/2

[Site "Europe Echecs"]

[Event "Championnat d'Europe de Blitz"]
[Date "2024.12.09"]
[White "Narva, Mai"]
[Black "Dragnev, Valentin"]
[WhiteElo "2413"]
[BlackElo "2563"]
[Round "8.28"]
[Result "0-1"]
[TimeControl "180+2"]

1. e4 c6 2. Nf3 d5 3. d3 Qc7 4. g3 e5 5. Bg2 Nf6 6. O-O dxe4 7. dxe4 Nbd7 8. Qe2 Bc5 9. a4 a5 10. Nbd2 b6 11. Nc4 O-O 12. b3 Ba6 13. Bb2 Rfe8 14. Nfd2 b5 15. axb5 cxb5 16. Ne3 Bxe3 17. Qxe3 Qxc2 18. Rfb1 Qc7 19. Rc1 Qd8 20. Rd1 Bb7 21. h3 h6 22. Nf3 Bxe4 23. Nxe5 Bxg2 24. Kxg2 Qc7 25. Rac1 Qb7+ 26. Qf3 Qxf3+ 27.
Nxf3 a4 28. bxa4 bxa4 29. Ba3 Re2 30. Nd4 Ra2 31. Rd3 0-1

[Site "Europe Echecs"]

[Event "Championnat d'Europe de Blitz"]
[Date "2024.12.09"]
[White "Boyer, Mahel"]
[Black "Narva, Triin"]
[WhiteElo "2526"]
[BlackElo "2064"]
[Round "8.29"]
[Result "1-0"]
[TimeControl "180+2"]

1. Nf3 g6 2.
e4 Bg7 3. d4 d6 4. Nc3 Nf6 5. Bg5 h6 6. Be3 O-O 7. h3 Nbd7 8. Qd2 Kh7 9. e5 Ng8 10. O-O-O c6 11. Bd3 b5 12. h4 b4 13. Ne2 Qa5 14. Kb1 dxe5 15. h5 Ba6 16. hxg6+ fxg6 17. Ng5+ Kh8 18. Bxg6 Bc4 19. Nc1 exd4 20. Bxd4 e5 21. Be3 Ndf6 22. Nb3 Qc7 23. Qxb4 Bd5 24. Qa5 Qxa5 25. Nxa5 Ne7 26. Bd3 Bxg2 27. Rh2 Bd5 28.
Bc5 Rae8 29.
c4 Bg8 30. Rh4 Nh7 31. Nxh7 Bxh7 32. Bxh7 Kxh7 33. Rd7 Rf7 34. Nxc6 Nf5 35. Rxf7 Nxh4 36. Rxa7 Kg6 37. Ne7+ Kh5 38. Nd5 Rg8 39. a4 Nf5 40. a5 Kg5 41. a6 h5 42. Ne7 Nxe7 43. Bxe7+ Kf5 44. Rb7 Ra8 45. a7 Bh6 46. b4 h4 47. Bxh4 Bd2 48. b5 Bb4 49. b6 1-0

[Site "Europe Echecs"]

[Event "Championnat d'Europe de Blitz"]
[Date "2024.12.09"]
[White "Maltsevskaya, Aleksandra"]
[Black "Cvitan, Ognjen"]
[WhiteElo "2368"]
[BlackElo "2413"]
[Round "8.30"]
[Result "0-1"]
[TimeControl "180+2"]

1. e4 c5 2. Nf3 d6 3. d4 cxd4 4. Nxd4 Nf6 5. Nc3 a6 6. g3 e5 7. Nb3 Be7 8. Bg2 O-O 9. O-O Nbd7 10. a4 b6 11. Re1 Bb7 12. Nd2 Rc8 13. Nf1 Nc5 14. Bg5 Ne6 15. Bxf6 Bxf6 16. Ne3 Nd4 17. Ncd5 Bg5 18. f4 Bf6 19. Nxf6+ Qxf6 20. f5 Qd8 21. c3 Nc6 22. Qg4 Na5 23.
Rad1 Nc4 24. Qe2 Nxe3 25. Qxe3 a5 26. Rd2 Qc7 27. f6 Qc5 28. fxg7 Kxg7 29. Kf2 Kf6 30. Red1 Qxe3+ 31. Kxe3 Bc6 32. Rxd6+ Ke7 33. Bh3 Bxa4 34. R1d2 Rc7 35. Rxb6 Bc6 36. Ra6 a4 37. Ra5 f6 38. Rc5 Rb8 39. Bf1 Rbb7 40. Ba6 Ra7 41. Bb5 Bxb5 42. Rxb5 a3 43. bxa3 Rxa3 44. Rbd5 Raxc3+ 45. R5d3 Rxd3+ 46. Rxd3 Rc2 47.
h3 h5 48. Ra3 Kf7 49. Kf3 Kg6 50. g4 h4 51. Rd3 Rh2 52. Rd8 Rxh3+ 53. Kf2 Kg5 54. Rg8+ Kf4 55. Rg6 Rf3+ 56.
Kg2 Kxe4 57.
g5 Rg3+ 58.
Kh2 fxg5 59. Rf6 Ke3 60. Rf1 e4 61. Re1+ Kf4 62. Rf1+ Ke5 63. Rf8 e3 64. Rf7 Ke4 65. Re7+ Kd3 66. Rd7+ Ke2 67.
Rd6 Ke1 68.
Rd5 e2 69.
Re5 Kf2 70.
Rf5+ Rf3 0-1

[Site "Europe Echecs"]

[Event "Championnat d'Europe de Blitz"]
[Date "2024.12.09"]
[White "Magold, Filip"]
[Black "Stankovic, Milos"]
[WhiteElo "2428"]
[BlackElo "2462"]
[Round "8.31"]
[Result "1-0"]
[TimeControl "180+2"]

1. d4 d5 2.
c4 e6 3. Nc3 h6 4. Nf3 Nf6 5. Bf4 Bd6 6. Bxd6 Qxd6 7. e3 O-O 8. Bd3 dxc4 9. Bxc4 Rd8 10. O-O c5 11. dxc5 Qe7 12. Qe2 Qxc5 13. Rfd1 Bd7 14. a3 Nc6 15. b4 Qh5 16. Nb5 Ne5 17. Nxe5 Qxe5 18. Nd4 Rac8 19. Rac1 Ba4 20. Re1 Ne4 21. Bd3 Nc3 22. Qd2 Nd5 23. b5 Nb6 24. Qb4 Qd5 25. Bf1 Qa2 26. h3 Bc2 27. Qa5 Be4 28. Qxa7 Nd5 29. Qxb7 Rxc1 30. Rxc1 Qxa3 31. Rc8 Rxc8 32. Qxc8+ Kh7 33. Qc4 Nxe3 34. fxe3 Qxe3+ 35. Kh2 Qf4+ 36. Kh1 Bd5 37. Qd3+ f5 38. Nf3 Be4 39. Qd2 Qg3 40. Qe3 g5 41. b6 Kg6 42. b7 Bxb7 43. Qxe6+ Kg7 44. Qe7+ Kg6 45.
Qxb7 g4 46. Qc6+ Kh5 47. Qe8# 1-0

[Site "Europe Echecs"]

[Event "Championnat d'Europe de Blitz"]
[Date "2024.12.09"]
[White "Ghimpu, Samuel-Timotei"]
[Black "Nikolovski, Nikola"]
[WhiteElo "2475"]
[BlackElo "2407"]
[Round "8.32"]
[Result "1-0"]
[TimeControl "180+2"]

1. e4 d5 2. exd5 Qxd5 3. Nc3 Qa5 4. d4 Nf6 5. Nf3 Bg4 6. h3 Bh5 7. Bd2 e6 8. Be2 Nc6 9. Nb5 Qb6 10. c4 Bb4 11. Bxb4 Nxb4 12. a3 Bxf3 13. gxf3 Na6 14. c5 Qc6 15. Nc3 Qd7 16. c6 Qc8 17. cxb7 Qxb7 18. Qa4+ c6 19. Qxa6 Qd7 20. Qc4 O-O 21. Rc1 Rfe8 22. Ne4 Nd5 23. Qxc6 Qe7 24. Qd6 Qb7 25. b4 Rad8 26. Qg3 Kh8 27. O-O f5 28. Nd6 Qe7 29. Nxe8 Rxe8 30. Bc4 Nf6 31. Rfe1 Qd7 32. Qe5 Nh5 33. Bxe6 Qd8 34. Qxf5 Nf6 35. Rc8 Qe7 36. Rxe8+ Qxe8 37. Qe5 Qd8 38. Bg4 h6 39. d5 Qb6 40. d6 h5 41. Bxh5 Qc6 42. Bg4 Qb6 43. d7 Kh7 44. Qf5+ Kh6 45. Qf4+ Kh7 46.
Rd1 Qd8 47.
Qf5+ Kh8 48.
Qe6 Kh7 49. Bf5+ Kh6 50. Qe3+ Kh5 51. Bg4+ Kh4 52. Qf4 1-0

[Site "Europe Echecs"]

[Event "Championnat d'Europe de Blitz"]
[Date "2024.12.09"]
[White "Goraj, Barbara"]
[Black "Mastrovasilis, Dimitrios"]
[WhiteElo "2178"]
[BlackElo "2537"]
[Round "8.33"]
[Result "1/2-1/2"]
[TimeControl "180+2"]

1. e4 c5 2.
Nf3 e6 3. d4 cxd4 4. Nxd4 a6 5. Bd3 g6 6. O-O Bg7 7. Be3 Nc6 8. Nxc6 bxc6 9. c3 Ne7 10. f4 d5 11. e5 O-O 12. Nd2 a5 13. Qe2 a4 14. b3 axb3 15.
axb3 Bb7 16.
b4 Nf5 17.
Bxf5 exf5 18. Nb3 Qc7 19. Nc5 Rfb8 20. Bd4 Bc8 21. Qb2 h5 22. g3 h4 23. Rxa8 Rxa8 24. Ra1 Qb8 25. Ra3 Kh7 26. Qa2 Rxa3 27. Qxa3 Qb5 28.
Kf2 h3 29.
Qa7 Qc4 30.
Qxf7 Qa2+ 31. Ke3 Qxh2 32. e6 Qg1+ 33. Ke2 Qg2+ 34. Kd1 Qf1+ 35. Kc2 Qe2+ 36. Kb3 Qc4+ 37. Kb2 Qxd4 38. cxd4 h2 39. e7 h1=Q 40. e8=Q Qg2+ 41. Ka3 Qxg3+ 42.
Ka4 Ba6 43.
Nxa6 Kh6 44.
Nc5 Qg1 45. Ne6 Qa1+ 46. Kb3 Qb1+ 47. Kc3 Qc1+ 48. Kb3 Qb1+ 49. Kc3 Qc1+ 50. Kb3 Qb1+ 1/2-1/2

[Site "Europe Echecs"]

[Event "Championnat d'Europe de Blitz"]
[Date "2024.12.09"]
[White "Navara, David"]
[Black "Upleger, Martin"]
[WhiteElo "2665"]
[BlackElo "2297"]
[Round "8.34"]
[Result "1-0"]
[TimeControl "180+2"]

1. e4 c5 2. Nf3 d6 3. d4 cxd4 4. Nxd4 Nf6 5. Nc3 a6 6. g3 e5 7. Nde2 Be7 8. Bg2 Nbd7 9. a4 b6 10. Nd5 Nxd5 11.
Qxd5 Rb8 12.
Nc3 O-O 13.
O-O Qc7 14.
Be3 h6 15.
Qd2 Nf6 16.
h3 Be6 17.
f4 Rb7 18.
fxe5 dxe5 19. Nd5 Bxd5 20. exd5 Rbb8 21. Kh2 Nh7 22. Qd3 Bc5 23. Bd2 b5 24. axb5 axb5 25. Ra6 Qe7 26. Bxh6 gxh6 27. Rxh6 f5 28. Rxf5 Rxf5 29. Qxf5 Rf8 30. Qh5 Rf6 31. Qg5+ Qg7 32. Qxg7+ Kxg7 33. Rh5 Bd6 34. Be4 Nf8 35. Rg5+ Kf7 36. Bf5 Ke7 37. Kg2 Rf7 38. g4 Nd7 39. Be6 Rh7 40. Rg8 Nc5 41. Bf5 Rf7 42. Ra8 Kf6 43. h4 e4 44. h5 Ke5 45. h6 Be7 46. Ra7 Kf6 1-0

[Site "Europe Echecs"]

[Event "Championnat d'Europe de Blitz"]
[Date "2024.12.09"]
[White "Stanojoski, Zvonko"]
[Black "Safarli, Eltaj"]
[WhiteElo "2401"]
[BlackElo "2610"]
[Round "8.35"]
[Result "0-1"]
[TimeControl "180+2"]

1. e4 c5 2.
Nf3 e6 3. d3 d5 4. Nbd2 Nc6 5. g3 Bd6 6. Bg2 Nge7 7. O-O O-O 8. Re1 b6 9. c3 Ng6 10. Qa4 Qd7 11. exd5 exd5 12. d4 Bb7 13. Nf1 Rad8 14.
dxc5 bxc5 15. Bg5 f6 16. Be3 Nce5 17. Qxd7 Rxd7 18. Rad1 d4 19. Nxe5 fxe5 20.
cxd4 exd4 21. Bxb7 Rxb7 22. Bc1 Ne5 23.
Kg2 Nf3 24.
Re6 Bb8 25.
Nd2 Nxd2 26.
Rxd2 Rb6 27.
Re4 a5 28.
f4 a4 29.
Rc2 Bd6 30. Rc4 Ra8 31. Re6 Kf7 32. f5 g6 33. g4 gxf5 34. gxf5 Rg8+ 35. Kf3 Rg1 36. Rh6 Kg7 37. f6+ Kg8 38. f7+ Kxf7 39. Rxh7+ Ke6 40.
Ke4 Re1+ 41.
Kd3 Kd5 42.
Rh5+ Kc6 43. Rh6 Rf1 44. Kc2 Kd5 45. Rxa4 d3+ 46. Kxd3 Rxc1 47. Rh5+ Kc6 48. b3 Rd1+ 49. Kc2 Rh1 50. h4 Rh2+ 51. Kd3 Rh3+ 52. Kc4 Rb4+ 53. Rxb4 cxb4 54. Rh6 Rh2 55. h5 Rxa2 56. Rh8 Rc2+ 57. Kd4 Bc5+ 58. Ke4 Re2+ 59. Kf5 Bd4 60. Rd8 Kc5 61. h6 Re3 62. Rc8+ Kb5 63. Rb8+ Kc5 64. Rc8+ Kb6 65. Rb8+ Kc7 66. Rxb4 Bb2 67. Rh4 Kd6 68. h7 Bh8 69. b4 Re5+ 70. Kg6 Ke6 71. Rh1 Re2 72. Kg5 Rg2+ 73. Kf4 Rb2 74.
Re1+ Kf6 75.
Rg1 Rxb4+ 76. Ke3 Rh4 77. Kf3 Kf5 78. Rb1 Rh3+ 79. Kg2 Rxh7 80. Rb5+ Be5 81. Kf3 Rh3+ 82. Ke2 Ke4 83. Kd2 Rh2+ 84. Kc1 Bc3 85. Rb8 Kd3 86. Rd8+ Bd4 87. Kb1 Rb2+ 88. Kc1 Rb7 89.
Rd6 Ra7 0-1

[Site "Europe Echecs"]

[Event "Championnat d'Europe de Blitz"]
[Date "2024.12.09"]
[White "Alonso Rosell, Alvar"]
[Black "Domalchuk-Jonasson, Aleksandr"]
[WhiteElo "2532"]
[BlackElo "2377"]
[Round "8.36"]
[Result "1-0"]
[TimeControl "180+2"]

1. d4 Nf6 2. Nf3 e6 3. e3 c5 4. Bd3 Nc6 5. b3 cxd4 6. exd4 d5 7. Bb2 Bd6 8. Nbd2 O-O 9. a3 Qc7 10. Qe2 a5 11. h4 Re8 12. Ne5 Nd7 13. Bxh7+ Kf8 14. f4 f5 15. Bg6 Rd8 16. Qh5 Nf6 17. Qh8+ Ng8 18. Ndf3 Bxe5 19. fxe5 Nce7 20. h5 Qxc2 21. Ng5 Nxg6 22. hxg6 Qxb2 23. Nh7+ Ke8 24. Qxg8+ Kd7 25. Qxg7+ Kc6 26. Rd1 Qxg2 27. Rc1+ Kb5 28. a4+ Ka6 29. Qh6 Qg3+ 30. Kd1 Qxb3+ 31. Rc2 Bd7 32. Rh3 Qb1+ 33. Qc1 Qxc1+ 34. Rxc1 Bxa4+ 35. Ke1 Rg8 36. Rg3 Rg7 37. Nf6 Be8 38. Kf2 a4 39. Rcg1 b5 40. Ra3 1-0

[Site "Europe Echecs"]

[Event "Championnat d'Europe de Blitz"]
[Date "2024.12.09"]
[White "Diermair, Andreas"]
[Black "Kozul, Zdenko"]
[WhiteElo "2433"]
[BlackElo "2519"]
[Round "8.37"]
[Result "1-0"]
[TimeControl "180+2"]

1. c4 Nf6 2.
d4 g6 3. g3 c6 4. Bg2 d5 5. Nf3 Bg7 6. O-O O-O 7. b3 Bf5 8. Bb2 Nbd7 9. e3 e6 10. Qe2 a5 11. Nc3 Ne4 12. Nh4 Nd6 13. Rac1 Re8 14. Ba3 Nf6 15. Rfd1 Nfe4 16. Nxe4 dxe4 17. d5 exd5 18. Bxd6 Qxd6 19. Nxf5 gxf5 20. cxd5 cxd5 21. Qb5 Red8 22. Bh3 Qe6 1-0

[Site "Europe Echecs"]

[Event "Championnat d'Europe de Blitz"]
[Date "2024.12.09"]
[White "Janik, Igor"]
[Black "Reprintsev, Alexander"]
[WhiteElo "2515"]
[BlackElo "2230"]
[Round "8.38"]
[Result "1/2-1/2"]
[TimeControl "180+2"]

1. e4 d5 2. exd5 Qxd5 3. Nf3 Bg4 4. Be2 Nc6 5. h3 Bxf3 6. Bxf3 Qe6+ 7. Kf1 O-O-O 8. d3 h5 9. Nc3 Nf6 10. Be3 a6 11. Qe2 g5 12. Bxg5 Qf5 13. Bxf6 Qxf6 14. Re1 Nd4 15. Qe4 Nxf3 16. Qxf3 Qxf3 17. gxf3 e6 18. Rg1 Bb4 19. Rg7 Rd7 20. Ke2 f5 21. Reg1 Bxc3 22. bxc3 e5 23. Rg8+ Rd8 24. Rxh8 Rxh8 25. Rg5 Kd7 26. Rxf5 Ke6 27. Rg5 b5 28. f4 exf4 29. Kf3 c6 30. Kxf4 h4 31. Ke4 a5 32. Rg6+ Kd7 33. f4 Re8+ 34. Kf3 Re1 35. Rg2 Ra1 36. Rg7+ Kd6 37.
Ra7 Rxa2 38.
f5 Ke5 39.
Kg4 Rxc2 40. Re7+ Kd6 41. Re1 Rf2 42. Kg5 c5 43. f6 b4 44. cxb4 cxb4 45. Ra1 Ke6 46. Rxa5 Rg2+ 47. Kxh4 Kxf6 48. Rb5 Rd2 49. Rxb4 Rxd3 50.
Kg4 Kg7 51.
h4 Rd5 52. Rb6 Ra5 53. Rb4 Ra8 1/2-1/2

[Site "Europe Echecs"]

[Event "Championnat d'Europe de Blitz"]
[Date "2024.12.09"]
[White "Kusiak, Matej"]
[Black "Georgiev, Kiril"]
[WhiteElo "2227"]
[BlackElo "2537"]
[Round "8.39"]
[Result "0-1"]
[TimeControl "180+2"]

1. e4 c5 2.
Nf3 e6 3. Nc3 a6 4. g3 b5 5. Bg2 Bb7 6. d3 d6 7. O-O Be7 8. Re1 Nf6 9. d4 cxd4 10. Nxd4 Qc7 11. a3 O-O 12. h3 Nbd7 13. Qe2 Rfe8 14. f4 Bf8 15. Kh2 e5 16. fxe5 Rxe5 17. Bf4 Ree8 18. Rad1 Rac8 19. Qf2 Ne5 20. Nd5 Bxd5 21. exd5 Neg4+ 22.
hxg4 Nxg4+ 23. Kg1 Nxf2 24. Kxf2 g6 25. c3 Qb6 26. Kf1 a5 27. Nc6 h5 28. Bf3 b4 29. axb4 axb4 30. Nxb4 Bg7 31. Nc6 Kh7 32. Rxe8 Rxe8 33. Rd2 Bh6 34. Bxh6 Kxh6 35. Nd4 Qc5 36. Kg2 Ra8 37. Re2 Qc7 38. Nc6 Qb6 39. b4 Ra3 40. c4 Rc3 41. Re4 Rc2+ 42. Re2 Rxc4 43. Kh3 Rc3 44. Be4 Qg1 45. Rg2 Qh1+ 46. Rh2 Qxe4 0-1

[Site "Europe Echecs"]

[Event "Championnat d'Europe de Blitz"]
[Date "2024.12.09"]
[White "Herega, Nejc"]
[Black "Saraci, Nderim"]
[WhiteElo "2249"]
[BlackElo "2431"]
[Round "8.40"]
[Result "1/2-1/2"]
[TimeControl "180+2"]

1. d4 Nf6 2. c4 e6 3. g3 c5 4. Nf3 cxd4 5. Nxd4 a6 6. Bg2 Be7 7. O-O d6 8. Nc3 Qc7 9. Qd3 Nbd7 10. b3 O-O 11. Bb2 Re8 12. Rac1 Rb8 13. Rfd1 Ne5 14. Qd2 Bd7 15. h3 Rbc8 16. Kh2 Qb8 17. a4 b6 18. Ba3 h6 19. Nf3 Nxf3+ 20. Bxf3 b5 21. axb5 axb5 22.
Bxd6 Bxd6 23. Qxd6 Qxd6 24. Rxd6 bxc4 25. bxc4 Rxc4 26. Na2 Ra4 27. Nc3 Ra7 28. Rcd1 Kf8 29. Ne4 Nxe4 30. Bxe4 Ke7 31. R6d2 Rb8 32. Bf3 Rb4 33. Rd4 Rb6 34. Kg2 Rc7 35. R4d2 f5 36. e4 g6 37. h4 Ba4 38. Ra1 Bd7 39. Re1 Kf6 40. Red1 Bc8 41. Rd8 g5 42. hxg5+ hxg5 43. exf5 exf5 44. R8d6+ Rxd6 45. Rxd6+ Ke5 46. Rc6 Rxc6 47. Bxc6 1/2-1/2

[Site "Europe Echecs"]

[Event "Championnat d'Europe de Blitz"]
[Date "2024.12.09"]
[White "Dragicevic, Drazen"]
[Black "Grigoriants, Sergey"]
[WhiteElo "2332"]
[BlackElo "2542"]
[Round "8.41"]
[Result "0-1"]
[TimeControl "180+2"]

1. Nf3 d5 2.
e3 Nf6 3. c4 e6 4. b3 Bd6 5. Bb2 b6 6. Be2 Bb7 7. O-O O-O 8. Nc3 a6 9. Qc2 Nbd7 10. cxd5 exd5 11.
Rfd1 Re8 12.
Bf1 Nf8 13.
Ne2 Ng6 14.
Ng3 Rc8 15.
Rac1 c5 16.
Qf5 d4 17.
exd4 Ne7 18.
Qb1 Bxf3 19.
gxf3 cxd4 20. Bxd4 Bxg3 21. Rxc8 Nxc8 22.
Bxf6 Bxf2+ 23. Kxf2 Qxf6 24. d4 Nd6 25. Kg1 g6 26. Bxa6 Nf5 27. Bc4 Kg7 28. d5 Ne3 29. Rd2 Qxf3 30. d6 Re4 31. Qxe4 Qxe4 32. d7 Qg4+ 33. Kf2 Qf4+ 34. Ke2 Nxc4 35. bxc4 Qxc4+ 36. Kd1 Qa4+ 37. Ke1 Qh4+ 38. Kd1 Qd8 39.
Kc1 Kf6 40. Kc2 Ke6 41. Kc3 Qxd7 [Site "Europe Echecs"]

[Event "Championnat d'Europe de Blitz"]
[Date "2024.12.09"]
[White "Schneider, Ilja"]
[Black "Gaponenko, Inna"]
[WhiteElo "2414"]
[BlackElo "2343"]
[Round "8.42"]
[Result "1-0"]
[TimeControl "180+2"]

1. e4 g6 2. d4 Bg7 3. Nc3 d6 4. Nf3 Nf6 5. Be2 O-O 6. O-O Bg4 7. h3 Bxf3 8. Bxf3 Nc6 9. Be3 Re8 10. Re1 e5 11. d5 Nd4 12. Be2 c6 13. dxc6 bxc6 14. Bf1 Rb8 15. b3 d5 16. exd5 Nxd5 17. Nxd5 cxd5 18.
Bxd4 exd4 19. Rxe8+ Qxe8 20. Bd3 Qc6 21. Qd2 Re8 22. Rf1 Qc5 23. a4 Bf6 24. Qf4 Kg7 25. h4 h5 26. g3 Qc3 27. Qd6 Qa5 28. Bb5 Re1 29. Qxd5 Re5 30. Qf3 Qc3 31. Bd3 Re1 32. Rxe1 Qxe1+ 33. Kg2 a5 34. Qb7 Bd8 35. Qd5 Bb6 1-0

[Site "Europe Echecs"]